 Seeded DCSS version 0.28.0-45-g0d030f2227 (webtiles) character file.

Game seed: 12379874936256595781 (custom seed)

5100 zeratav the Grappler (level 10, -3/86 HPs)
             Began as an Octopode Transmuter on Apr 4, 2022.
             Was an Initiate of Ashenzari.
             Slain by a two-headed ogre
             ... wielding a +1 dire flail of holy wrath
              (14 damage)
             ... on level 9 of the Dungeon on Apr 5, 2022.
             The game lasted 00:26:51 (9292 turns).

zeratav the Grappler (Octopode Transmuter)          Turns: 9292, Time: 00:26:51

Health: -3/86      AC: 10    Str: 15    XL:     10   Next: 57%
Magic:  6/15       EV: 13    Int: 12    God:    Ashenzari [......]
Gold:   170        SH:  0    Dex: 18    Spells: 8/16 levels left

rFire   . . .      SeeInvis .     - Unarmed
rCold   + + +      Faith    .   (shield currently unavailable)
rNeg    . . .      Spirit   .   (helmet currently unavailable)
rPois   +          Reflect  .   (no amulet)
rElec   .          Harm     .   c - +4 ring of protection
rCorr   .          Rampage  .   h - +4 ring of slaying
Will    +....                   l - ring of protection from fire
Stlth   ++........              t - ring of wizardry
HPRegen 0.24/turn               v - ring of flight
MPRegen 0.14/turn               o - ring of Xaucvar {rC+ Will+ Str+2 Int-5 Dex+6}
                                (no ring)
                                (no ring)

@: ice-form, flying
A: freezing attack, boosted hp, almost no armour, amphibious, 8 rings, large,
(camouflage 1), (gelatinous body 1), (nimble swimmer 1), (tentacles),
(iridescent scales 1)
a: End Transformation, Renounce Religion, Shatter the Chains


You were on level 9 of the Dungeon.
You worshipped Ashenzari.
Ashenzari was noncommittal.
You were a creature of crystalline ice.
You visited 2 branches of the dungeon, and saw 10 of its levels.
You also visited: Bailey.

You collected 350 gold pieces.
You spent 180 gold pieces at shops.

Inventory:

Hand Weapons
 d - a +2 mace of holy wrath
 p - the cursed +8 falchion of the Gnostic Gloom (melded) {drain, rC++ Dex+6 Stlth-, Elem, Alch}
   (You took it off a spriggan in a bailey)

   A truly terrible weapon, it drains the life of any living foe it strikes.
   Dex:       It affects your dexterity (+6).
   rC:        It greatly protects you from cold.
   Stlth:     It makes you less stealthy.
   It has a curse which improves the following skills: Elements: Fire Magic, Ice
   Magic, Air Magic and Earth Magic.
   Alchemy:   Poison Magic and Transmutations.
 q - a +5 short sword of freezing
Missiles
 a - 5 curare-tipped darts
 g - 20 poisoned darts
Jewellery
 c - a +4 ring of protection (left front paw)
 h - a +4 ring of slaying (right front paw)
 l - a ring of protection from fire (on tentacle)
 o - the ring of Xaucvar (on tentacle) {rC+ Will+ Str+2 Int-5 Dex+6}
   (You found it on level 7 of the Dungeon)

   [ring of dexterity]

   Str:       It affects your strength (+2).
   Int:       It affects your intelligence (-5).
   Dex:       It affects your dexterity (+6).
   rC:        It protects you from cold.
   Will:      It increases your willpower.
 t - a ring of wizardry (on tentacle)
 v - a ring of flight (on tentacle)
Wands
 z - a wand of charming (10)
Scrolls
 f - a scroll of teleportation
 y - a scroll of enchant armour
Potions
 b - a potion of lignification
 e - a potion of attraction
 i - 2 potions of brilliance
 j - 5 potions of curing
 m - a potion of might
 n - 2 potions of magic
 s - a potion of invisibility {unknown}


   Skills:
 * Level 8.1 Fighting
 + Level 5.9 Dodging
 * Level 8.6 Unarmed Combat
 + Level 3.5 Spellcasting
 + Level 5.9 Transmutations
 + Level 5.5 Ice Magic
 + Level 1.0 Poison Magic


You had 8 spell levels left.
You knew the following spells:

 Your Spells              Type           Power      Damage    Failure   Level
a - Beastly Appendage     Tmut           32%        N/A       1%          1
b - Ice Form              Ice/Tmut       15%        N/A       9%          4
c - Mephitic Cloud        Conj/Pois/Air  2%         N/A       24%         3

Your spell library contained the following spells:

 Spells                   Type           Power      Damage    Failure   Level
 Wereblood                Tmut           16%        N/A       1%          2
 Ensorcelled Hibernation  Hex/Ice        16%        N/A       4%          2
 Spider Form              Tmut/Pois      10%        N/A       7%          3
 Magic Dart               Conj           8%         1d3       10%         1
 Call Imp                 Summ           2%         N/A       14%         2
 Blade Hands              Tmut           8%         N/A       22%         5
 Inner Flame              Hex/Fire       2%         N/A       26%         3
 Portal Projectile        Hex/Tloc       4%         N/A       26%         3
 Anguish                  Hex/Necr       1%         N/A       65%         4
 Cause Fear               Hex            1%         N/A       65%         4
 Excruciating Wounds      Necr           1%         N/A       92%         5
 Discord                  Hex            1%         N/A       100%        8


Dungeon Overview and Level Annotations

Branches:
Dungeon (9/15)             Temple (1/1) D:4          Bailey (visited)
   Lair: D:8-11         Orc: D:9-12

Altars:
Ashenzari
Cheibriados
Dithmenos
Fedhas
Gozag
Hepliaklqana
Kikubaaqudgha
Makhleb
Nemelex Xobeh
Okawaru
Qazlal
Ru
Sif Muna
Trog
Uskayaw
Vehumet
Wu Jian
Xom
Yredelemnul
Zin
The Shining One

Shops:
D:6 *

Annotations:
D:3 3 runed translucent doors, Pinkishskies's ghost, amateur DjFE
D:9 Maurice; Pikel


Innate Abilities, Weirdness & Mutations

You are a creature of crystalline ice.
You have a powerful freezing melee attack.
Your maximum health is increased.
Your armour is entirely melded.
You are incapable of wielding weapons or throwing items.
You cannot wear most types of armour.
You are amphibious.
You can wear up to eight rings at the same time.
((Your skin changes colour to match your surroundings (Stealth+).))
((Your rubbery body absorbs attacks. (AC +1, EV +1)))
((You are camouflaged when in or above water. (Stealth+)))
((You have tentacles for arms and can constrict up to eight enemies at once.))
((You are partially covered in iridescent scales. (AC +2)))


Message History

Your Fighting skill increases to level 8!
Your Poison Magic skill increases to level 1!
You hit Maurice. You freeze Maurice.
Maurice is lightly wounded.
The centaur wields a +4 shortbow.
The centaur shoots an arrow.
The arrow hits you but does no damage.
A hound comes into view.
The hound barks!
You punch Maurice! You freeze Maurice.
Maurice is moderately wounded.
The two-headed ogre closely misses you. x2
A wight comes into view. It is wielding a +0 spear.
Maurice hits you with a +0 short sword.
Maurice fumbles for your pockets and misses.
A wight comes into view. It is wielding a +3 mace.
You pummel Maurice!! You freeze Maurice!
Maurice is severely wounded.
The two-headed ogre hits you with a +1 dire flail of holy wrath!
The two-headed ogre hits you with a +0 giant spiked club!
* * * LOW HITPOINT WARNING * * *
You hit Maurice. You freeze Maurice.
Maurice is almost dead.
The centaur shoots an arrow.
The arrow hits you.
* * * LOW HITPOINT WARNING * * *
Casting: Mephitic Cloud (dangerous; 24% risk of failure)
Confirm with . or Enter, or press ? or * to list all spells.
Aiming: Mephitic Cloud (dangerous; 24% risk of failure)
Press: ? - help, Shift-Dir - straight line, f - Maurice
Aim: Maurice, wielding a +0 short sword, wearing a +0 cloak and carrying a wand of paralysis (7) (almost dead, confused, chance to affect: 77%)
The ball explodes into a vile cloud!
The stinking cloud engulfs Maurice but does no damage.
Maurice is almost dead.
The stinking cloud engulfs the two-headed ogre but does no damage.
You hear a shout! x2; You hear a howl!
You hear a shout! x2
The centaur shoots an arrow.
The arrow hits you.
* * * LOW HITPOINT WARNING * * *
The two-headed ogre is engulfed in noxious fumes.
The two-headed ogre appears confused.
The two-headed ogre hits you with a +1 dire flail of holy wrath!
You die...

................
#..................
#.................. .
###.............≈.≈.≈ .z
#..........)...≈≈.≈.≈
#.c##...[.......≈.≈≈.≈.≈
#...............
#..○.☼..........
#○@.Y.h.......
#..○.O..........
....#............ .##
#.###..#..... #.
#.###..≈. #. ..# .#.≈ .
#.. . . . #.. .


You could see Maurice (confused), a two-headed ogre (confused), a centaur, a
hound and a wight.

Vanquished Creatures
  Erica (D:9)
  A two-headed ogre (Bailey)
  A manticore (D:7)
  4 spriggans (Bailey)
  A steam dragon (D:8)
  A water moccasin (D:7)
  An acid dragon (Bailey)
  A black bear (D:7)
  2 orc warriors
  A hornet zombie (D:5)
  A necrophage (D:7)
  6 ogres
  A centaur (D:8)
  A lemure (D:8)
  A phantom (D:5)
  3 bullfrogs
  A gnoll sergeant (D:8)
  A scorpion (D:4)
  3 water moccasin zombies
  3 wights (D:4)
  2 howler monkeys (D:8)
  2 centaur zombies
  A bullfrog zombie (D:4)
  A bullfrog skeleton (D:7)
  A jelly (D:7)
  3 hounds
  A human zombie (D:4)
  An orc priest (D:7)
  2 iguanas
  A scorpion zombie (D:4)
  A killer bee zombie (D:7)
  2 hound zombies (D:4)
  A hound skeleton (D:4)
  8 adders
  5 gnolls (D:8)
  A white imp (D:7)
  An ufetubus (D:7)
  An adder skeleton (D:4)
  2 adder zombies (D:4)
  2 worms
  A dart slug (D:2)
  19 orcs
  3 bats
  11 endoplasms
  2 giant cockroaches
  10 goblins
  6 hobgoblins
  7 jackals
  6 kobolds
  3 quokkas
  5 ball pythons
  4 frilled lizards
  3 rats
154 creatures vanquished.

Vanquished Creatures (collateral kills)
  An orc warrior (D:7)
1 creature vanquished.

Grand Total: 155 creatures vanquished

Notes
Turn   | Place    | Note
-------+----------+-------------------------------------------
     0 | D:1      | zeratav the Octopode Transmuter began the quest for the
                  | Orb.
     0 | D:1      | Reached XP level 1. HP: 13/13 MP: 3/3
    48 | D:1      | Found a faded altar of an unknown god.
   360 | D:1      | Reached XP level 2. HP: 18/18 MP: 3/5
   807 | D:1      | Reached XP level 3. HP: 24/24 MP: 6/6
  1928 | D:2      | Reached XP level 4. HP: 15/29 MP: 7/7
  2408 | D:3      | Reached skill level 1 in Ice Magic
  2438 | D:3      | Found a shimmering altar of Xom.
  2449 | D:3      | Found a shimmering altar of Xom.
  2450 | D:3      | Found a shimmering altar of Xom.
  2469 | D:3      | Found a runed translucent gate.
  2469 | D:3      | Found a runed translucent gate.
  2469 | D:3      | Found a runed translucent gate.
  2536 | D:3      | Found a shimmering altar of Xom.
  2648 | D:3      | Noticed Pinkishskies's ghost (amateur DjFE)
  2820 | D:3      | Found an opulent altar of Gozag.
  2842 | D:3      | Reached XP level 5. HP: 13/36 MP: 6/8
  3494 | D:4      | Found a sacrificial altar of Ru.
  3699 | D:4      | Reached XP level 6. HP: 38/42 MP: 7/9
  3839 | D:4      | Found a staircase to the Ecumenical Temple.
  3847 | Temple   | Entered the Ecumenical Temple
  3885 | Temple   | Became a worshipper of Ashenzari the Shackled
  4047 | D:4      | Found an ancient bone altar of Kikubaaqudgha.
  4099 | D:4      | Reached XP level 7. HP: 47/47 MP: 10/10
  4275 | D:4      | Reached skill level 5 in Unarmed Combat
  4494 | D:5      | Entered Level 5 of the Dungeon
  5188 | D:5      | Reached XP level 8. HP: 54/54 MP: 11/11
  5338 | D:5      | Learned a level 4 spell: Ice Form
  5342 | D:5      | Learned a level 3 spell: Mephitic Cloud
  5538 | D:6      | Reached skill level 5 in Fighting
  5706 | D:6      | Found Bauzo's General Store.
  6172 | D:6      | Found a blossoming altar of Fedhas.
  6372 | D:7      | Noticed a manticore
  6717 | D:7      | Found Zin's Purification Station.
  6722 | D:7      | Found a glowing silver altar of Zin.
  6725 | D:7      | Bought 2 potions of curing for 180 gold pieces
  6878 | D:7      | Identified the ring of Xaucvar {rC+ Will+ Str+2 Int-5
                  | Dex+6}
  7016 | D:7      | Found a hide-covered altar of Uskayaw.
  7081 | D:7      | Reached XP level 9. HP: 62/62 MP: 8/12
  7195 | D:7      | Killed a manticore
  7616 | D:7      | Found a hazy altar of Hepliaklqana.
  7653 | D:8      | Reached skill level 5 in Transmutations
  7702 | D:8      | Reached skill level 5 in Dodging
  7907 | D:8      | Found a flagged portal.
  7913 | Bailey   | Entered a bailey
  8111 | Bailey   | Identified the +8 falchion of Misery {drain, rC++ Dex+6
                  | Stlth-}
  8124 | Bailey   | Reached XP level 10. HP: 43/71 MP: 10/14
  8129 | Bailey   | Reached skill level 5 in Ice Magic
  8288 | Bailey   | Noticed a two-headed ogre
  8300 | Bailey   | Killed a two-headed ogre
  8789 | D:8      | Gained mutation: You are partially covered in iridescent
                  | scales. (AC +2) [potion of mutation]
  9192 | D:9      | Noticed Pikel
  9281 | D:9      | Noticed Erica
  9281 | D:9      | Noticed Maurice
  9281 | D:9      | Noticed a two-headed ogre
  9287 | D:9      | Killed Erica
  9288 | D:9      | Reached skill level 1 in Poison Magic
  9292 | D:9      | Slain by a two-headed ogre

Illustrated notes

Levels and vault maps discovered:
D:1:      minmay_arrival_shoal_huts, layout_basic,
          dreamdust_ecumenical_altar_grove
D:2:      layout_basic
D:3:      layout_rooms, xom_redecorated, mainiacjoe_overflow_24_doors,
          gammafunk_ghost_icy, minmay_distorted
D:4:      layout_loops_ring, nicolae_ru_path_of_blood,
          lemuel_mausoleum_altar_kikubaaqudgha,
          minmay_temple_entry_enclosed_plants, minmay_misc_feat_hallway
D:5:      layout_basic
D:6:      layout_basic, mainiacjoe_overflow_alcove_1, serial_shops, shop,
          minmay_tree_intersection, kennysheep_boxes
D:7:      layout_rooms, zin_purify, mainiacjoe_overflow_chevrons,
          lemuel_tele_altar, corner_web_ring, kennysheep_generic_room_13
D:8:      layout_loops_corners, enter_bailey_2
D:9:      layout_cave_pools, elyvilon_altar_3, erik_lair_island, uniq_erica,
          uniq_prince_ribbit1, uniq_pikel, uniq_maurice
Temple:   nicolae_temple_god_jail

Skill      XL: |  1  2  3  4  5  6  7  8  9 10 |
---------------+-------------------------------+-----
Fighting       | 2 3 4 5 7 8 |  8.1
Ice Magic      | 1 2 3 4 5 |  5.5
Unarmed Combat | 4 5 6 7 8 |  8.6
Dodging        | 3 4 5 |  5.9
Transmutations | 3 4 5 |  5.9
Spellcasting   | 3 |  3.5
Poison Magic   | 1 |  1.0

Action                   |  1- 3 |  4- 6 |  7- 9 | 10-12 || total
-------------------------+-------+-------+-------+-------++-------
Melee: Unarmed           |    23 |       |    80 |    33 ||   136
       Tentacles         |    10 |    15 |    14 |       ||    39
       Constrict         |    23 |    21 |    13 |       ||    57
       Kick              |    16 |     8 |     3 |       ||    27
       Mace              |    60 |    74 |    28 |       ||   162
       Punch             |     3 |     1 |     5 |       ||     9
       Short sword       |       |       |    37 |       ||    37
 Cast: Beastly Appendage |    26 |    14 |     5 |     1 ||    46
       Ice Form          |       |       |    13 |     9 ||    22
       Mephitic Cloud    |       |       |       |     4 ||     4
Invok: Curse Item        |       |       |       |     1 ||     1
  Use: Scroll            |       |       |     7 |     8 ||    15
       Potion            |       |       |       |     1 ||     1
 Stab: Sleeping          |     8 |     6 |     3 |       ||    17
       Confused          |       |       |       |     1 ||     1
Armor: Skin              |    14 |    14 |    43 |     9 ||    80
Dodge: Dodged            |    53 |    54 |   126 |    20 ||   253
